 Dungeon Crawl Stone Soup version 0.16-a0-2093-g8c923f7 (webtiles) character file.

19369 smajdalf the Grappler (level 12, -4/106 HPs)
             Began as a Ghoul Warper on Nov 11, 2014.
             Was a High Priest of Kikubaaqudgha.
             Slain by a slime creature (15 damage)
             ... on level 12 of the Dungeon on Nov 12, 2014.
             The game lasted 00:57:38 (19402 turns).

smajdalf the Grappler (Ghoul Warper)               Turns: 19402, Time: 00:57:38

Health: -4/106     AC: 10    Str: 16    XL:     12   Next: 68%
Magic:  16/16      EV: 10    Int: 12    God:    Kikubaaqudgha [*****.]
Gold:   816        SH:  0    Dex:  8    Spells: 4 memorised, 7 levels left

rFire  + . .     SeeInvis .       - Unarmed
rCold  + . .     Clarity  .     C - +0 ring mail {rF+}
rNeg   + + +     SustAb   .     (no shield)
rPois  +         Gourm    .     (no helmet)
rElec  .         Spirit   .     o - +2 cloak {MR+}
rCorr  +         Warding  .     (no gloves)
rMut   .         Stasis   .     (no boots)
MR     +....                    m - amulet of resist corrosion
Stlth  ..........               (no ring)
                                (no ring)

@: rotting, somewhat resistant to hostile enchantments, extremely unstealthy
A: rotting body, claws 1, carnivore 3, cold resistance 1, negative energy
resistance 3, poison resistance, slow healing 1, torment resistance, unbreathing
a: Receive Corpses, Torment, Renounce Religion


You were on level 12 of the Dungeon.
You worshipped Kikubaaqudgha.
Kikubaaqudgha was extremely pleased with you.
You were not hungry.

You visited 2 branches of the dungeon, and saw 13 of its levels.
You also visited: Sewer.

You collected 816 gold pieces.

Inventory:

Missiles
 e - 5 tomahawks of dispersal
 y - 6 throwing nets (quivered)
Armour
 b - a +0 ring mail of cold resistance
 l - a troll hide {Purgy}
 o - a +2 cloak of magic resistance (worn)
 C - a +0 ring mail of fire resistance (worn)
 N - a mottled dragon hide
Jewellery
 m - an amulet of resist corrosion (around neck)
 B - an uncursed ring of fire
Magical devices
 j - a wand of hasting (4)
 v - a wand of frost (14)
 w - a wand of disintegration (11)
 H - a wand of invisibility (1)
 L - a wand of fireball (4)
Scrolls
 d - a scroll of blinking
 f - 2 scrolls of teleportation
 k - 2 scrolls of remove curse
 p - 13 scrolls of identify
 r - 3 scrolls of enchant weapon
 G - a scroll of recharging
Potions
 t - a potion of brilliance
 x - 3 potions of heal wounds
 A - 3 potions of curing
 J - a potion of invisibility
Books
 c - a book of Spatial Translocations

   Spells                             Type                      Level
   *Apportation                       Translocation                1
   *Blink                             Translocation                2
   *Shroud of Golubria                Charms/Translocation         2
   Portal Projectile                  Translocation                3
   Teleport Other                     Translocation                3
   Passage of Golubria                Translocation                4
 g - a book of Minor Magic

   Spells                             Type                      Level
   Magic Dart                         Conjuration                  1
   *Blink                             Translocation                2
   Call Imp                           Summoning                    2
   Repel Missiles                     Charms/Air                   2
   Slow                               Hexes                        2
   Conjure Flame                      Conjuration/Fire             3
   Mephitic Cloud                     Conjuration/Poison/Air       3
 h - a book of Wizardry

   Spells                             Type                      Level
   Agony                              Necromancy                   5
   Force Lance                        Conjuration                  5
   Dispersal                          Translocation                6
   Haste                              Charms                       6
   Invisibility                       Hexes                        6
   Spellforged Servitor               Conjuration/Summoning        7
 n - Kikubaaqudgha's Guide on Unholy Rituals
   (Kikubaaqudgha gifted it to you on level 6 of the Dungeon)

   Spells                             Type                      Level
   Animate Skeleton                   Necromancy                   1
   Pain                               Necromancy                   1
   Corpse Rot                         Necromancy                   2
   *Regeneration                      Charms/Necromancy            3
   Control Undead                     Necromancy                   4
 q - a book of the Sky

   Spells                             Type                      Level
   Flight                             Charms/Air                   3
   Airstrike                          Air                          4
   Silence                            Hexes/Air                    5
   Deflect Missiles                   Charms/Air                   6
   Conjure Ball Lightning             Conjuration/Air              6
   Tornado                            Air                          9
 D - Kikubaaqudgha's Collected Works on Evil
   (Kikubaaqudgha gifted it to you on level 9 of the Dungeon)

   Spells                             Type                      Level
   Animate Dead                       Necromancy                   4
   Excruciating Wounds                Charms/Necromancy            5
   Bolt of Draining                   Conjuration/Necromancy       5
   Dispel Undead                      Necromancy                   5
   Twisted Resurrection               Necromancy                   5
 E - a book of Changes

   Spells                             Type                      Level
   Beastly Appendage                  Transmutation                1
   Sticks to Snakes                   Transmutation                2
   Spider Form                        Transmutation/Poison         3
   Ice Form                           Ice/Transmutation            4
   Blade Hands                        Transmutation                5
 K - a book of Annihilations {highlevel, unknown}

   This book is beyond your current level of understanding.

   Spells                             Type                      Level
   Poison Arrow                       Conjuration/Poison           6
   Chain Lightning                    Conjuration/Air              8
   Lehudib's Crystal Spear            Conjuration/Earth            8
   Glaciate                           Conjuration/Ice              9
   Fire Storm                         Conjuration/Fire             9
Miscellaneous
 i - a phial of floods
 F - a disc of storms
 I - an ornate deck of defence
Comestibles
 a - 4 meat rations
 s - 4 slices of pizza
 u - 3 beef jerkies
 z - a royal jelly
 M - 6 chunks of flesh


   Skills:
 - Level 10.0 Fighting
 - Level 0.8 Throwing
 - Level 10.2 Armour
 - Level 1.7 Dodging
 + Level 14.4 Unarmed Combat
 - Level 2.0 Spellcasting
 - Level 6.4 Translocations


You had 7 spell levels left.
You knew the following spells:

 Your Spells              Type           Power        Failure   Level  Hunger
a - Apportation           Tloc           ###.......   1%          1    ##.....
b - Blink                 Tloc           N/A          3%          2    ###....
c - Shroud of Golubria    Chrm/Tloc      #.........   12%         2    ###....
d - Regeneration          Chrm/Necr      #.........   80%         3    ####...


Dungeon Overview and Level Annotations

Branches:
Dungeon (12/15)            Temple (1/1) D:4            Lair (0/8) D:9
    Orc (0/4) D:9

Altars:
Ashenzari
Cheibriados
Dithmenos
Elyvilon
Fedhas
Gozag
Kikubaaqudgha
Makhleb
Nemelex Xobeh
Okawaru
Qazlal
Ru
Sif Muna
Trog
Vehumet
Xom
Yredelemnul
Zin
The Shining One

Shops:
D:5 (

Annotations:
D:5 shop: weapons


Innate Abilities, Weirdness & Mutations

Your body is rotting away.
You thrive on raw meat.
You have sharp fingernails.
You are carnivorous and can eat meat at any time.
Your flesh is cold resistant.
You are immune to negative energy.
Your system is resistant to poisons.
You heal slowly when monsters are visible.
You are immune to unholy pain and torment.
You can survive without breathing.


Message History

The slime creature is moderately wounded.
The slime creature hits you.
You mangle the slime creature!! You claw the slime creature!
The slime creature is almost dead.
You barely miss the slime creature.
The slime creature is almost dead.
The slime creature hits you!
* * * LOW HITPOINT WARNING * * *
You are too injured to fight recklessly!
You are too injured to fight recklessly!
You are too injured to fight recklessly!
You claw the slime creature!
The slime creature is almost dead.
The slime creature hits you!
* * * LOW HITPOINT WARNING * * *
You scratch the slime creature.
The slime creature is almost dead.
The slime creature hits you!
You die...
Kikubaaqudgha rasps: "You have failed me!
Welcome... oblivion!"

#####.#............#......#...
####.#............#......#...
....'............# .....#... .
....#.....##....## ....#... #....
...########....##. .#... #...#
#..#.............. #... #...#
#..#.............. #... #...#
#..#............... #... #...#
#..#......@J....... #...
#...###..#............... #...
#........'..##.##..###########...
#......#######.#####.............
#......# .......#...##........
#......# ........#...##.....###
#.##...# ........#...##.....#..
#.##...# ........#..........#..
#.##...# .........'....####..#..


You could see a slime creature.

Vanquished Creatures
  Harold (D:10)
  5 skeletal warriors
  The ghost of ConnectionFaild the Fighter, an experienced GrHu of Okawaru (D:8)
  Erolcha (D:11)
  A hill giant (D:12)
  An ugly thing (D:11)
  4 trolls
  A hydra skeleton (D:11)
  A two-headed ogre (D:11)
  2 slime creatures (D:12)
  A shadow (D:7)
  A spriggan (D:7)
  A wraith (D:10)
  2 wyverns
  A hill giant skeleton (D:11)
  20 yaks
  2 humans (D:10)
  2 hungry ghosts
  3 hippogriffs
  3 vampire mosquitoes (D:12)
  Menkaure (D:5)
  2 water moccasins
  A mottled dragon (D:12)
  3 sky beasts
  Purgy (Sewer)
  4 ice beasts
  4 yellow wasps
  A black bear (D:12)
  5 orc warriors
  4 phantoms
  A necrophage (D:10)
  An eye of draining (D:10)
  5 ogres
  5 centaurs
  2 big kobolds
  9 giant frogs
  A gnoll sergeant (D:5)
  A troll zombie (D:9)
  8 scorpions
  2 troll skeletons
  A yak zombie (D:10)
  12 wights
  4 killer bees (D:7)
  2 goliath beetles
  A quasit (D:8)
  3 crimson imps
  6 hounds
  A giant frog zombie (D:6)
  3 iguanas
  5 orc priests
  15 orc wizards
  13 worker ants
  A sky beast zombie (D:5)
  A hound skeleton (D:6)
  3 mummies
  2 worker ant zombies
  3 orc zombies
  15 adders
  10 gnolls
  3 shadow imps
  A giant mite (D:6)
  A worm (D:4)
  An adder skeleton (D:9)
  A gnoll skeleton (D:7)
  8 giant geckos
  An ooze (D:5)
  64 orcs
  2 ball pythons (D:1)
  6 giant cockroaches
  13 hobgoblins
  11 jackals
  25 kobolds
  5 quokkas
  12 bats
  6 giant newts
  2 giant spores
  16 goblins
  A kobold skeleton (D:6)
  19 rats
  10 ballistomycetes
424 creatures vanquished.

Vanquished Creatures (others)
  2 giant spores
2 creatures vanquished.

Grand Total: 426 creatures vanquished

Notes
Turn   | Place    | Note
--------------------------------------------------------------
     0 | D:1      | smajdalf, the Ghoul Warper, began the quest for the Orb.
     0 | D:1      | Reached XP level 1. HP: 17/17 MP: 2/2
   157 | D:1      | Reached XP level 2. HP: 22/24 MP: 3/3
   177 | D:1      | Reached skill level 3 in Unarmed Combat
   523 | D:1      | Found a shattered altar of Ashenzari.
   637 | D:1      | Reached XP level 3. HP: 27/29 MP: 5/5
  1053 | D:1      | Reached skill level 4 in Unarmed Combat
  1895 | D:2      | Reached XP level 4. HP: 32/36 MP: 5/5
  2167 | D:3      | Found a white marble altar of Elyvilon.
  2216 | D:3      | Found a glowing drain.
  2223 | Sewer    | Entered a sewer
  2277 | Sewer    | Noticed Purgy
  2303 | Sewer    | Killed Purgy
  2303 | Sewer    | Reached skill level 6 in Unarmed Combat
  2303 | Sewer    | Reached XP level 5. HP: 7/41 MP: 6/6
  2724 | D:3      | Upgraded the game from 0.16-a0-2059-gf848859 to 0.16-a0-2093-g8c923f7
  3143 | D:3      | Reached XP level 6. HP: 40/48 MP: 8/8
  3424 | D:3      | Noticed an ice beast
  3438 | D:3      | Killed an ice beast
  3438 | D:3      | Reached skill level 7 in Unarmed Combat
  3672 | D:4      | Found a staircase to the Ecumenical Temple.
  3682 | Temple   | Entered the Ecumenical Temple
  3824 | Temple   | Became a worshipper of Kikubaaqudgha
  3906 | D:4      | Reached skill level 8 in Unarmed Combat
  3906 | D:4      | Reached XP level 7. HP: 14/55 MP: 8/8
  4819 | D:5      | Entered Level 5 of the Dungeon
  4824 | D:5      | Noticed Menkaure
  5039 | D:5      | Reached skill level 9 in Unarmed Combat
  5074 | D:5      | Found Konluf's Antique Weapon Shop.
  5321 | D:5      | Reached XP level 8. HP: 46/67 MP: 10/10
  5440 | D:5      | Killed Menkaure
  5440 | D:5      | Reached skill level 5 in Fighting
  6008 | D:6      | Acquired Kikubaaqudgha's first power
  6008 | D:6      | Received a gift from Kikubaaqudgha
  6009 | D:6      | Identified Kikubaaqudgha's Guide on Unholy Rituals (Kikubaaqudgha gifted it to you on level 6 of the Dungeon)
  6022 | D:6      | Learned a level 2 spell: Blink
  6025 | D:6      | Learned a level 2 spell: Shroud of Golubria
  6029 | D:6      | Learned a level 3 spell: Regeneration
  6629 | D:6      | Reached skill level 10 in Unarmed Combat
  6842 | D:7      | Found a white marble altar of Elyvilon.
  6842 | D:7      | Noticed an angel
  6874 | D:7      | Reached XP level 9. HP: 29/71 MP: 11/11
  6938 | D:7      | Reached skill level 11 in Unarmed Combat
  7033 | D:7      | Acquired Kikubaaqudgha's second power
  7395 | D:7      | Reached skill level 12 in Unarmed Combat
  8124 | D:8      | Noticed ConnectionFaild's ghost (experienced GrHu)
  8463 | D:8      | Reached skill level 13 in Unarmed Combat
  8620 | D:8      | Found a snail-covered altar of Cheibriados.
  8675 | D:8      | Found a radiant altar of Vehumet.
  8799 | D:8      | Reached XP level 10. HP: 61/83 MP: 11/11
  9369 | D:8      | Killed ConnectionFaild's ghost
  9369 | D:8      | Reached skill level 14 in Unarmed Combat
 10385 | D:9      | Received a gift from Kikubaaqudgha
 10389 | D:9      | Identified Kikubaaqudgha's Collected Works on Evil (Kikubaaqudgha gifted it to you on level 9 of the Dungeon)
 10638 | D:9      | Found a staircase to the Orcish Mines.
 10807 | D:9      | Found a staircase to the Lair.
 11245 | D:10     | Entered Level 10 of the Dungeon
 11525 | D:10     | Acquired Kikubaaqudgha's third power
 11783 | D:10     | Reached skill level 10 in Fighting
 11825 | D:10     | Noticed Harold
 11848 | D:10     | Killed Harold
 11848 | D:10     | Reached XP level 11. HP: 45/99 MP: 13/13
 11897 | D:10     | Found an iron altar of Okawaru.
 11926 | D:10     | Reached skill level 5 in Translocations
 12639 | D:10     | Noticed a hill giant
 13796 | D:9      | Reached skill level 1 in Armour
 15232 | D:11     | Noticed a skeletal warrior
 15249 | D:11     | Killed a skeletal warrior
 15249 | D:11     | Reached skill level 5 in Armour
 15257 | D:11     | Noticed a skeletal warrior
 15490 | D:11     | Noticed a skeletal warrior
 15647 | D:11     | Noticed a skeletal warrior
 16559 | D:11     | Noticed Erolcha
 16568 | D:11     | Killed Erolcha
 17469 | D:11     | Killed a skeletal warrior
 17469 | D:11     | Reached XP level 12. HP: 42/103 MP: 16/16
 17715 | D:11     | Killed a skeletal warrior
 17844 | D:11     | Killed a skeletal warrior
 18296 | D:12     | Noticed a skeletal warrior
 18417 | D:12     | Killed a skeletal warrior
 19230 | D:12     | Reached skill level 10 in Armour
 19358 | D:12     | Acquired Kikubaaqudgha's fourth power
 19402 | D:12     | Slain by a slime creature

Action                   |  1- 3 |  4- 6 |  7- 9 | 10-12 || total
-------------------------+-------+-------+-------+-------++-------
Melee: Unarmed           |   145 |   201 |   490 |   969 ||  1805
 Cast: Blink             |       |       |       |     9 ||     9
Evoke: Wand              |       |       |       |     5 ||     5
  Use: Potion            |       |     5 |     8 |     3 ||    16
       Scroll            |       |       |    10 |     7 ||    17
 Stab: Invisible         |       |       |       |     4 ||     4
       Distracted        |       |       |       |     1 ||     1
  Eat: Chunk             |    26 |    33 |    55 |   139 ||   253
       Beef jerky        |       |       |       |     2 ||     2
